 Dungeon Sprint DCSS version 0.29-a0-870-g2c972031a6 (webtiles) character file.

Game seed: 14445279817809690055

29933 mhtbhm the Bludgeoner (level 13, -24/96 HPs)
             Began as a Gargoyle Fighter on July 17, 2022.
             Was the Champion of Okawaru.
             Annihilated by Tiamat
             ... wielding a +3 demon trident of flaming
              (38 damage)
             ... in the Dungeon (Sprint VII: "The Pits").
             The game lasted 00:12:39 (4133 turns).

mhtbhm the Bludgeoner (Gargoyle Fighter)            Turns: 4133, Time: 00:12:40

Health: -24/96     AC: 44    Str: 28    XL:     13   Next: 48%
Magic:  19/25      EV: 16    Int: 10    God:    Okawaru [******]
Gold:   42         SH:  9    Dex: 12    Spells: 12/12 levels left

rFire   + + .      SeeInvis .   A - +2 morningstar (protect)
rCold   . . .      Faith    .   c - +0 buckler
rNeg    + + +      Spirit   .   b - +1 plate armour {rN+}
rPois   ∞          Reflect  .   q - +1 hat
rElec   +          Harm     .   (no cloak)
rCorr   .          Rampage  .   y - +1 pair of gloves {Dex+3}
Will    .....      NoTele   +   z - +2 pair of boots "Beleokeig" {rF++ Str+4}
Stlth   ..........              f - amulet of regeneration
HPRegen 1.06/turn               w - ring of positive energy
MPRegen 0.19/turn               m - +3 ring of evasion

@: heroic, finesse-ful, under a protective aura, hasted, very quick
A: sickness immunity, AC +9, negative energy resistance 1, electricity
resistance, torment resistance 1, petrification resistance
a: Renounce Religion, Heroism, Finesse


You were in the Dungeon.
You worshipped Okawaru.
Okawaru was exalted by your worship.
You visited 1 branch You collected 42 gold pieces.

Inventory:

Hand Weapons
 a - a +4 morningstar of holy wrath
 d - a +2 antimagic demon whip
 A - a +2 morningstar of protection (weapon)
Missiles
 r - 4 atropa-tipped darts (quivered)
Armour
 b - a +1 plate armour of positive energy (worn)
 c - a +0 buckler (worn)
 p - a +0 helmet
 q - a +1 hat (worn)
 y - a +1 pair of gloves of dexterity (worn)
 z - the +2 pair of boots "Beleokeig" (worn) {rF++ Str+4}
   (You found it in the Dungeon)

   Str:       It affects your strength (+4).
   rF:        It greatly protects you from fire.
Jewellery
 f - an amulet of regeneration (around neck)
 l - a ring of resist corrosion
 m - a +3 ring of evasion (right hand)
 s - a ring of ice
 w - a ring of positive energy (left hand)
Scrolls
 j - 2 scrolls of blinking
 k - 5 scrolls of amnesia
 t - 4 scrolls of identify
 u - 2 scrolls of fear
 v - a scroll of fog
Potions
 e - 11 potions of curing
 h - 4 potions of magic
 i - 2 potions of invisibility
 n - 3 potions of brilliance
 o - a potion of mutation
Miscellaneous
 B - a tin of tremorstones (2/2)


   Skills:
 + Level 17.2(22.2) Fighting
 + Level 18.7(23.7) Maces & Flails
 + Level 1.6(6.6) Throwing
 + Level 14.2(19.2) Armour
 + Level 9.3(14.3) Dodging
 + Level 6.3(11.3) Stealth
 + Level 14.5(19.5) Shields
 * Level 16.6 Invocations


You had 12 spell levels left.
You didn't know any spells.
Your spell library was empty.

Dungeon Overview and Level Annotations

Branches:
Dungeon (1/1)

Altars:
Ashenzari
Cheibriados
Dithmenos
Elyvilon
Fedhas
Gozag
Hepliaklqana
Kikubaaqudgha
Makhleb
Nemelex Xobeh
Okawaru
Qazlal
Ru
Sif Muna
Trog
Uskayaw
Vehumet
Wu Jian
Xom
Yredelemnul
Zin
The Shining One
Jiyva
Lugonu

Annotations:
D Tiamat


Innate Abilities, Weirdness & Mutations

You are immune to sickness and miasma.
Your stone body is resilient. (AC +9)
You are immune to poison.
You resist negative energy. (rN+)
You are resistant to electric shocks. (rElec)
You are resistant to unholy torment.
You are immune to petrification.


Message History

You are too injured to fight recklessly!
You are too injured to fight recklessly!
You are too injured to fight recklessly!
You are too injured to fight recklessly!
You are too injured to fight recklessly!
You are too injured to fight recklessly!
Okay, then.
You hit Tiamat but do no damage.
Okay, then.
You bludgeon Tiamat!!
Tiamat is lightly wounded.
You thump Tiamat!
Tiamat is lightly wounded.
Tiamat hits you with a +3 demon trident of flaming!!
* * * LOW HITPOINT WARNING * * *
Tiamat burns you.
* * * LOW HITPOINT WARNING * * *
You block Tiamat's attack.
Unknown command.
You hit Tiamat but do no damage.
Tiamat is lightly wounded.
You hit Tiamat but do no damage.
Tiamat is lightly wounded.
Unknown command.
You completely miss Tiamat.
Tiamat is lightly wounded.
Tiamat hits you with a +3 demon trident of flaming.
* * * LOW HITPOINT WARNING * * *
Tiamat tail-slaps you but does no damage.
You barely miss Tiamat.
Tiamat is lightly wounded.
Unknown command.
Your +4 morningstar of holy wrath stops glowing.
Your +2 morningstar of protection hums with potential!
A - a +2 morningstar of protection (weapon)
You hit Tiamat but do no damage.
Your weapon exudes an aura of protection.
Tiamat is lightly wounded.
Tiamat hits you with a +3 demon trident of flaming!!!
You die...

#+# #.# #'# #.#
#'# #d# #@#
################'#
.................#
....[............#
+##############.)#
#))# #..# #..#
#..#


You could see Tiamat.

Vanquished Creatures
  A Tzitzimitl (D)
  A shadow dragon (D)
  A balrug (D)
  An orc warlord (D)
  A ghost moth (D)
  A spriggan defender (D)
  An apis (D)
  A great orb of eyes (D)
  A boulder beetle (D)
  A hydra (D)
  An alligator snapping turtle (D)
  4 catoblepae (D)
  2 sun demons (D)
  2 shadow wraiths (D)
  2 deep trolls (D)
  A bog body (D)
  An orc knight (D)
  A deep elf zephyrmancer (D)
  A deep elf pyromancer (D)
  2 lindwurms (D)
  2 orc sorcerers (D)
  A cyclops (D)
  A manticore (D)
  A naga mage (D)
  A black mamba (D)
  A smoke demon (D)
  A molten gargoyle (D)
  A demonic crawler (D)
  2 freezing wraiths (D)
  An ice devil (D)
  2 efreet (D)
  2 kobold demonologists (D)
  A troll (D)
  A tyrant leech (D)
  A polar bear (D)
  5 blink frogs (D)
  A snapping turtle (D)
  A jumping spider (D)
  A ynoxinul (D)
  A shadow (D)
  4 wyverns (D)
  A spriggan (D)
  A water elemental (D)
  A vampire (D)
  6 yaks (D)
  Eustachio (D)
  A basilisk (D)
  A neqoxec (D)
  A steam dragon (D)
  5 vampire mosquitoes (D)
  3 redbacks (D)
  A warg (D)
  4 nagas (D)
  5 hell hounds (D)
  Duvessa (D)
  A floating eye (D)
  4 orc warriors (D)
  An ice beast (D)
  A black bear (D)
  2 centaurs (D)
  4 wolves (D)
  2 scorpions (D)
  5 killer bees (D)
  A crimson imp (D)
  2 quasits (D)
  A hound (D)
  2 jellies (D)
  3 orc wizards (D)
  A gnoll (D)
  2 river rats (D)
  2 adders (D)
  A white imp (D)
  A worm (D)
  6 orcs (D)
  A ball python (D)
  3 bats (D)
  A bat skeleton (D)
  An endoplasm (D)
  A giant cockroach (D)
  A hobgoblin (D)
  A giant cockroach simulacrum (D)
  4 kobolds (D)
146 creatures vanquished.

Vanquished Creatures (others)
  An orc priest (D)
  An orc (D)
2 creatures vanquished.

Grand Total: 148 creatures vanquished

Notes
Turn   | Place    | Note
-------+----------+-------------------------------------------
     0 | D        | mhtbhm the Gargoyle Fighter began the quest for the Orb.
     0 | D        | Reached XP level 1. HP: 14/14 MP: 1/1
    21 | D        | Noticed a scorpion
    21 | D        | Noticed a shadow
    33 | D        | Killed a scorpion
    34 | D        | Reached skill level 5 in Fighting
    34 | D        | Reached skill level 3 in Maces & Flails
    34 | D        | Reached skill level 5 in Armour
    34 | D        | Reached skill level 5 in Shields
    34 | D        | Reached XP level 2. HP: 21/21 MP: 2/2
    34 | D        | Reached XP level 3. HP: 26/26 MP: 3/3
    34 | D        | Reached XP level 4. HP: 31/31 MP: 4/4
    42 | D        | Killed a shadow
    43 | D        | Reached skill level 4 in Maces & Flails
    43 | D        | Reached XP level 5. HP: 16/38 MP: 5/5
   265 | D        | Found a bloodstained altar of Trog.
   265 | D        | Found a shimmering blue altar of Sif Muna.
   265 | D        | Found a viscous altar of Jiyva.
   265 | D        | Found a hazy altar of Hepliaklqana.
   265 | D        | Found an opulent altar of Gozag.
   266 | D        | Found a glowing golden altar of the Shining One.
   266 | D        | Found a glowing silver altar of Zin.
   266 | D        | Found a basalt altar of Yredelemnul.
   266 | D        | Found a shimmering altar of Xom.
   266 | D        | Found an ornate altar of the Wu Jian Council.
   266 | D        | Found a sacrificial altar of Ru.
   266 | D        | Found a stormy altar of Qazlal.
   266 | D        | Found an iron altar of Okawaru.
   266 | D        | Found a sparkling altar of Nemelex Xobeh.
   266 | D        | Found a burning altar of Makhleb.
   266 | D        | Found a blossoming altar of Fedhas.
   266 | D        | Found a white marble altar of Elyvilon.
   266 | D        | Found a shadowy altar of Dithmenos.
   266 | D        | Found a snail-covered altar of Cheibriados.
   268 | D        | Found a radiant altar of Vehumet.
   268 | D        | Found a corrupted altar of Lugonu.
   269 | D        | Found a hide-covered altar of Uskayaw.
   269 | D        | Found an ancient bone altar of Kikubaaqudgha.
   269 | D        | Found a broken altar of Ashenzari.
   276 | D        | Became a worshipper of Warmaster Okawaru
   320 | D        | Reached XP level 6. HP: 44/44 MP: 6/6
   393 | D        | Noticed a floating eye
   398 | D        | Paralysed by a floating eye for 2 turns
   401 | D        | Killed a floating eye
   402 | D        | Reached skill level 5 in Maces & Flails
   402 | D        | Reached skill level 1 in Dodging
   479 | D        | Noticed an ice beast
   502 | D        | Killed an ice beast
   502 | D        | Reached * piety under Okawaru
   503 | D        | Reached skill level 6 in Maces & Flails
   503 | D        | Reached XP level 7. HP: 50/50 MP: 8/10
   579 | D        | Noticed Duvessa
   588 | D        | Killed Duvessa
   589 | D        | Reached skill level 1 in Stealth
   589 | D        | Reached skill level 5 in Invocations
   625 | D        | Noticed a redback
   639 | D        | Killed a redback
   640 | D        | Reached skill level 7 in Maces & Flails
   787 | D        | Noticed a warg
   802 | D        | Killed a warg
   803 | D        | Reached skill level 8 in Maces & Flails
   803 | D        | Reached XP level 8. HP: 34/56 MP: 12/12
   970 | D        | Reached ** piety under Okawaru
   971 | D        | Reached skill level 10 in Armour
   983 | D        | Reached skill level 9 in Maces & Flails
  1016 | D        | Reached skill level 10 in Maces & Flails
  1174 | D        | Noticed a blink frog
  1174 | D        | Noticed a blink frog
  1174 | D        | Noticed a wyvern
  1175 | D        | Noticed a blink frog
  1176 | D        | Noticed a blink frog
  1177 | D        | Noticed a bog body
  1179 | D        | Noticed a blink frog
  1183 | D        | Killed a blink frog
  1183 | D        | Reached *** piety under Okawaru
  1184 | D        | Reached XP level 9. HP: 62/62 MP: 14/14
  1191 | D        | Reached skill level 10 in Fighting
  1198 | D        | Reached skill level 11 in Maces & Flails
  1203 | D        | Killed a bog body
  1203 | D        | Reached **** piety under Okawaru
  1204 | D        | Reached skill level 10 in Shields
  1211 | D        | Killed a shadow wraith
  1212 | D        | Reached skill level 12 in Maces & Flails
  1244 | D        | Reached XP level 10. HP: 36/68 MP: 17/17
  1258 | D        | Reached ***** piety under Okawaru
  1427 | D        | Noticed an orc sorcerer
  1428 | D        | Noticed a deep troll
  1428 | D        | Noticed a catoblepas
  1428 | D        | Noticed an orc knight
  1432 | D        | Killed an orc sorcerer
  1433 | D        | Reached skill level 10 in Invocations
  1442 | D        | Killed a catoblepas
  1443 | D        | Reached skill level 13 in Maces & Flails
  1453 | D        | Killed a deep troll
  1454 | D        | Reached skill level 5 in Dodging
  1464 | D        | HP: 5/105 [orc warrior/+0 trident[an orc knight] (13)]
  1465 | D        | Killed an orc knight
  1465 | D        | Received a gift from Okawaru
  1491 | D        | Noticed a sun demon
  1491 | D        | Noticed a boulder beetle
  1511 | D        | Killed a sun demon
  1512 | D        | Reached skill level 14 in Maces & Flails
  1512 | D        | Reached XP level 11. HP: 39/76 MP: 12/19
  1513 | D        | Noticed a lindwurm
  1529 | D        | Killed a boulder beetle
  1813 | D        | Killed a lindwurm
  1964 | D        | Received a gift from Okawaru
  2009 | D        | Reached skill level 15 in Maces & Flails
  2078 | D        | Noticed a cyclops
  2078 | D        | Noticed a manticore
  2110 | D        | Killed a manticore
  2110 | D        | Reached ****** piety under Okawaru
  2128 | D        | Identified the +2 ring mail of the Silversmith {rPois rN+}
                  | (Okawaru gifted it to you in the Dungeon)
  2128 | D        | Received a gift from Okawaru
  2168 | D        | Killed a cyclops
  2170 | D        | Reached skill level 16 in Maces & Flails
  2454 | D        | Got the +2 pair of boots "Beleokeig" {rF++ Str+4}
  2579 | D        | Noticed a five-headed hydra
  2589 | D        | Killed a five-headed hydra
  2627 | D        | Reached XP level 12. HP: 55/84 MP: 22/22
  2820 | D        | Noticed a catoblepas
  2835 | D        | Killed a catoblepas
  2888 | D        | Noticed a sun demon
  2900 | D        | Killed a sun demon
  3135 | D        | Noticed an alligator snapping turtle
  3135 | D        | Noticed a shadow dragon
  3135 | D        | Noticed a balrug
  3135 | D        | Noticed a great orb of eyes
  3150 | D        | Killed a ghost moth
  3151 | D        | Reached skill level 17 in Maces & Flails
  3156 | D        | Killed a great orb of eyes
  3173 | D        | Killed a shadow dragon
  3174 | D        | Reached skill level 15 in Fighting
  3179 | D        | Killed a balrug
  3193 | D        | Killed an alligator snapping turtle
  3193 | D        | Received a gift from Okawaru
  3194 | D        | Reached skill level 15 in Invocations
  3523 | D        | Noticed an apis
  3524 | D        | Noticed Eustachio
  3524 | D        | Noticed a catoblepas
  3543 | D        | Killed an apis
  3545 | D        | Noticed a spriggan defender
  3545 | D        | Noticed an orc warlord
  3558 | D        | Killed a spriggan defender
  3576 | D        | Reached XP level 13. HP: 72/93 MP: 21/24
  3593 | D        | Killed an orc warlord
  3594 | D        | Reached skill level 18 in Maces & Flails
  3622 | D        | Reached skill level 5 in Stealth
  3643 | D        | Killed Eustachio
  3651 | D        | Received a gift from Okawaru
  3675 | D        | Reached skill level 1 in Throwing
  4089 | D        | Noticed a Tzitzimitl
  4098 | D        | Killed a Tzitzimitl
  4113 | D        | Found the +4 dragonskin cloak
  4113 | D        | Noticed Tiamat
  4133 | D        | Annihilated by Tiamat

Illustrated notes

Levels and vault maps discovered:
D:        pitsprint [storerooms_1, entrance_room_1, metal_vault_1, armoury_2,
          mini_pit_1, grid_room_1, main_hall_1, silver_pit, the_coven_1,
          the_vestibule_1, steel_vault_1, golden_pit, hallway_of_sentries,
          crystal_vault_4, iron_vault_2, final_vault]

Skill      XL: |  1  2  3  4  5  6  7  8  9 10 11 12 13 |
---------------+----------------------------------------+-----
Fighting       | 5 7 8 9 10 12 13 16 17 | 17.2
Maces & Flails | 3 4 6 8 10 12 14 16 17 18 | 18.7
Armour         | 5 8 9 10 11 12 13 14 | 14.2
Shields        | 5 7 8 9 10 11 12 13 14 | 14.5
Dodging        | 2 3 4 5 7 8 9 |  9.3
Invocations    | 4 6 7 9 11 13 15 16 | 16.6
Stealth        | 1 2 4 6 |  6.3
Throwing       | 1 |  1.6

Action                   |  1- 3 |  4- 6 |  7- 9 | 10-12 | 13-15 || total
-------------------------+-------+-------+-------+-------+-------++-------
Melee: Flail             |     3 |    31 |   115 |       |       ||   149
       Mace              |       |    23 |       |       |       ||    23
       Morningstar       |       |       |    62 |   444 |   152 ||   658
Throw: Dart              |       |       |       |       |     6 ||     6
Invok: Heroism           |       |       |       |     3 |     3 ||     6
       Finesse           |       |       |       |     3 |     3 ||     6
  Use: Potion            |     2 |       |     2 |    16 |     6 ||    26
       Scroll            |       |       |       |       |     2 ||     2
 Stab: Invisible         |       |       |       |     2 |     1 ||     3
       Petrifying        |       |       |       |     1 |       ||     1
       Petrified         |       |       |       |       |     3 ||     3
Armor: Scale mail        |     1 |    41 |    32 |   184 |    59 ||   317
       Chain mail        |       |    17 |    76 |       |       ||    93
       Plate armour      |       |       |       |       |     8 ||     8
Dodge: Dodged            |     2 |    31 |    91 |   255 |    98 ||   477
Block: Buckler           |       |    17 |    58 |   121 |    46 ||   242

Table legend: (Time is in decaauts)
 A = Elapsed time spent in this place.
 B = Non-inter-level travel time spent in this place.
 C = Inter-level travel time spent in this place.
 D = Time resting spent in this place.
 E = Time spent auto-exploring this place.
 F = Levels seen in this place.
 G = Mean time per level.
                   A        B        C        D        E       F      G
               +--------+--------+--------+--------+--------+-----+--------+
         Total |   3943 |   3943 |      0 |   1994 |    143 |   1 | 3943.0 |
       Dungeon |   3943 |   3943 |      0 |   1994 |    143 |   1 | 3943.0 |
               +--------+--------+--------+--------+--------+-----+--------+

Top non-repeatable levels by time:
       D: 3943 daAuts
